Map: Battle on the Boardwalk LE

Players

lllllllIIIIl (Nina)

  • Race: Protoss Protoss
  • League: Grandmaster
  • Spawn Location: 1:00

SpeCial - Winner!

  • Race: Terran Terran
  • League: Master
  • Spawn Location: 11:00

VOD

Have the link to the VOD?

Description

Time

  • Played on: Dec. 23, 2017, 9:46 p.m.
  • Length: 11:06
Show
View Real Time Build Order
Export as new Build Order

lllllllIIIIl Protoss 

Build Orders: 1 Gate Expand 

Get SALT Encoding   

  12  0:00  Probe  
  13  0:12  Probe  
  14  0:18  Pylon  
  14  0:25  Probe (Chrono Boost)  
  15  0:37  Probe (Chrono Boost)  
  15  0:41  Gateway  
  16  0:46  Probe (Chrono Boost)  
  16  0:49  Assimilator  
  17  0:51  Probe  
  18  1:03  Probe  
  19  1:16  Probe  
  20  1:29  Cybernetics Core  
  20  1:38  Nexus  
  20  1:40  Probe  
  21  1:52  Pylon  
  21  1:54  Probe  
  22  2:00  Assimilator  
  22  2:08  Warp Gate (Chrono Boost)  
  22  2:09  Stalker (Chrono Boost)  
  22  2:12  Probe  
  24  2:24  Probe  
  25  2:30  Stalker (Chrono Boost)  
  27  2:37  Probe  
  27  2:38  Gateway  
  27  2:49  Probe  
  28  2:55  Stalker  
  28  2:57  Probe  
  30  3:02  Probe  
  31  3:09  Gateway  
  31  3:13  Probe  
  31  3:17  Probe  
  33  3:25  Probe  
  33  3:26  Stalker  
  36  3:29  Probe  
  37  3:37  Probe  
  37  3:41  Probe  
  39  3:43  Twilight Council  
  39  3:49  Probe  
  39  3:53  Probe  
  39  3:54  Pylon  
  41  4:02  Sentry, Probe  
  44  4:05  Probe  
  44  4:09  Pylon  
  45  4:13  Sentry  
  45  4:14  Probe  
  48  4:19  Sentry  
  48  4:20  Probe  
  51  4:25  Stalker  
  51  4:26  Probe  
  54  4:32  Probe  
  54  4:38  Probe  
  56  4:41  Stalker  
  50  4:50  Stalker  
  50  4:51  Probe  
  51  4:53  Stalker  
  51  4:54  Probe  
  51  4:59  Blink (Chrono Boost), Pylon  
  54  5:03  Probe  
  54  5:05  Zealot  
  54  5:06  Probe  
  58  5:13  Stalker, Zealot  
  47  5:29  Probe  
  47  5:34  Stalker x2  
  47  5:35  Zealot  
  48  5:51  Probe  
  47  5:57  Stalker x2  
  47  5:58  Stalker  
  47  6:02  Probe  
  54  6:06  Probe (Chrono Boost)  
  48  6:14  Probe (Chrono Boost)  
  50  6:18  Probe (Chrono Boost)  
  50  6:20  Stalker x2  
  50  6:24  Probe (Chrono Boost)  
  50  6:25  Stalker, Probe (Chrono Boost)  
  56  6:29  Probe (Chrono Boost)  
  59  6:32  Probe  
  60  6:41  Probe  
  60  6:43  Stalker  
  60  6:44  Stalker  
  60  6:45  Probe  
  66  6:49  Assimilator, Pylon  
  66  6:53  Stalker  
  68  6:59  Probe  
  69  7:04  Pylon  
  69  7:16  Stalker x2  
  71  7:23  Nexus  
  69  7:30  Stalker  
  59  7:40  Stalker x2  
  59  7:41  Probe  
  58  7:45  Assimilator  
  58  7:46  Robotics Facility  
  58  7:47  Probe  
  58  7:50  Pylon  
  58  7:54  Stalker, Pylon  
  54  8:04  Probe  
  53  8:09  Stalker  
  53  8:10  Stalker  
  58  8:14  Probe (Chrono Boost)  
  58  8:16  Probe (Chrono Boost)  
  59  8:24  Stalker  
  63  8:27  Probe (Chrono Boost)  
  63  8:28  Probe (Chrono Boost)  
  63  8:32  Probe (Chrono Boost)  
  64  8:34  Stalker  
  64  8:35  Probe  
  64  8:37  Charge (Chrono Boost)  
  64  8:38  Probe  
  68  8:44  Warp Prism (Chrono Boost), Probe  
  71  8:48  Probe  
  71  8:54  Dark Shrine  
  73  8:55  Probe  
  73  9:00  Probe  
  74  9:04  Probe  
  74  9:07  Probe  
  76  9:11  Gateway  
  76  9:12  Probe  
  76  9:14  Gateway  
  76  9:15  Observer  
  76  9:16  Probe  
  79  9:20  Pylon  
  79  9:21  Probe  
  80  9:26  Probe  
  81  9:35  Stalker  
  81  9:36  Stalker x2  
  87  9:43  Probe  
  88  9:47  Gateway x2, Observer  
  89  9:59  Assimilator x2  
  85  10:08  Dark Templar x3  
  89  10:19  Probe  
  89  10:30  Zealot x2  
  93  10:38  Pylon x2  
  93  10:41  Zealot x3, Forge  
  97  10:46  Dark Templar  
  97  10:47  Dark Templar  
  95  10:50  Dark Templar x2  
Show
View Real Time Build Order
Export as new Build Order

SpeCial Terran - Winner!

Build Orders: Cyclone Opening, Gas First Reaper Expand, Reaper Expand 

Get SALT Encoding   

  12  0:00  SCV  
  13  0:12  SCV  
  14  0:17  Supply Depot  
  14  0:24  SCV  
  15  0:29  Refinery  
  15  0:39  SCV  
  16  0:44  Barracks  
  16  0:51  SCV  
  17  1:03  SCV  
  18  1:15  SCV  
  19  1:32  Reaper, Orbital Command  
  20  1:45  Command Center  
  20  1:57  Factory  
  21  2:01  SCV  
  21  2:08  Barracks Reactor  
  21  2:13  SCV  
  21  2:17  Refinery  
  21  2:25  Supply Depot, SCV  
  22  2:37  SCV  
  23  2:49  SCV  
  24  2:53  Cyclone  
  24  2:56  Marine  
  24  2:57  Marine  
  29  3:01  SCV  
  29  3:04  Factory  
  29  3:08  Supply Depot  
  29  3:14  Marine, SCV  
  31  3:29  Marine  
  31  3:30  SCV  
  31  3:33  Cyclone  
  36  3:38  Marine  
  36  3:41  Orbital Command  
  37  3:45  SCV  
  37  3:47  Marine  
  39  3:49  Cyclone  
  42  3:57  SCV  
  42  4:01  Marine  
  44  4:02  Supply Depot  
  44  4:05  Marine  
  44  4:07  SCV  
  44  4:09  SCV  
  47  4:14  Cyclone  
  49  4:25  Supply Depot  
  49  4:27  Cyclone  
  49  4:29  SCV  
  49  4:31  Marine  
  50  4:35  SCV  
  52  4:44  SCV  
  52  4:45  Bunker  
  47  4:49  Marine  
  47  4:52  SCV  
  46  4:54  Marine  
  46  4:56  SCV  
  46  4:57  Factory Tech Lab  
  45  5:04  SCV  
  46  5:07  Cyclone, Marine  
  46  5:08  SCV  
  46  5:11  Marine  
  52  5:16  SCV  
  52  5:20  SCV  
  54  5:21  Siege Tank  
  50  5:32  SCV x2  
  48  5:36  Marine  
  48  5:37  Marine  
  46  5:44  SCV x2  
  46  5:46  Bunker  
  46  5:54  Siege Tank  
  46  5:56  Marine x2, SCV x2  
  50  6:08  SCV x2  
  47  6:16  Barracks  
  47  6:17  Marine x2  
  47  6:18  Barracks  
  49  6:20  SCV  
  49  6:21  SCV  
  51  6:27  Siege Tank  
  51  6:29  Refinery  
  54  6:33  SCV x2  
  54  6:37  Engineering Bay, Hellion  
  58  6:44  Marine x2  
  58  6:45  SCV x2  
  62  6:57  SCV x2  
  62  6:59  Siege Tank, Hellion  
  69  7:04  Barracks Tech Lab  
  69  7:07  Marine  
  70  7:14  Supply Depot, Barracks Tech Lab, Refinery  
  70  7:15  Terran Infantry Weapons Level 1  
  70  7:19  SCV  
  70  7:22  Hellion, SCV  
  70  7:25  Marine  
  70  7:30  Refinery  
  70  7:31  Marine  
  70  7:34  Marine, SCV x2  
  69  7:37  Marine  
  69  7:39  Siege Tank  
  69  7:42  Combat Shields  
  69  7:43  Supply Depot, Stimpack  
  70  7:49  Starport  
  70  7:51  Barracks x2  
  70  7:59  Supply Depot  
  70  8:00  Missile Turret  
  70  8:03  Marine x2  
  70  8:04  SCV x2  
  70  8:07  Marine x2  
  70  8:13  Siege Tank  
  70  8:15  Supply Depot  
  73  8:21  Marine x2  
  73  8:25  Marine  
  76  8:28  Starport Reactor  
  76  8:31  Supply Depot  
  76  8:33  Marine, SCV x2  
  79  8:38  Supply Depot, Marine  
  79  8:39  Marine  
  81  8:41  Barracks Reactor  
  81  8:42  Marine x2, Barracks Reactor  
  83  8:48  Siege Tank  
  83  8:52  Marine x2  
  83  8:55  Command Center  
  88  8:58  Supply Depot, Marine x2  
  88  9:01  Supply Depot  
  90  9:04  Marine x2  
  90  9:06  Medivac x2  
  96  9:10  Marine x2  
  96  9:16  Marine x2  
  100  9:21  Marine x2  
  105  9:27  SCV  
  105  9:28  Marine x2  
  105  9:29  SCV  
  108  9:34  Marine x2  
  110  9:39  Marine x2  
  110  9:42  Siege Tank  
  111  9:47  Marine x2  
  111  9:51  Marine  
  111  9:52  Marine  
  115  10:00  Marine x2  
  115  10:02  Medivac x2  
  115  10:05  Marine x2  
  121  10:14  Marine x2  
  121  10:17  Siege Tank  
  121  10:18  Marine x2  
  123  10:22  Marine  
  123  10:23  Marine  
  123  10:26  Supply Depot  
  123  10:27  Supply Depot  
  123  10:32  Marine x2  
  125  10:35  Marine  
  125  10:38  Marine  
  125  10:40  Marine x2  
  133  10:44  Bunker  
  135  11:00  Missile Turret  
Tags
 
Add a new tag
Caveats
  • Supply blocks, unpowered buildings, or Contaminate may cause inaccurate times.
  • Supply counts are checked every 10 seconds.